 Dungeon Crawl Stone Soup version 0.26-a0-1038-gfb849e850a (webtiles) character file.

Game seed: 3520675805497781224

9550 KristoblXynda the Carver (level 11, -3/99 HPs)
             Began as a Yellow Draconian Gladiator on Dec 11, 2020.
             Was a Believer of Yredelemnul.
             Slain by an eight-headed hydra (7 damage)
             ... on level 11 of the Dungeon.
             The game lasted 00:18:46 (12567 turns).

KristoblXynda the Carver (DrGl)                    Turns: 12567, Time: 00:18:47

Health: -3/99      AC: 15    Str: 16    XL:     11   Next: 24%
Magic:  0/12       EV: 16    Int: 25    God:    Yredelemnul [**....]
Gold:   532        SH:  0    Dex: 11    Spells: 10/10 levels left

rFire    + . .     SeeInvis .   b - +6 short sword of Dominance {vorpal, rElec Int+8 Dex-3}
rCold    . . .     Faith    .   (no shield)
rNeg     . . .     Spirit   +   (armour unavailable)
rPois    .         Reflect  .   (helmet restricted)
rElec    +         Harm     .   y - +2 cloak
rCorr    +         Rampage  .   x - +2 pair of gloves
Will     .....                  E - +1 pair of boots
Stlth    +.........             v - amulet of guardian spirit
HPRegen  0.26/turn              f - ring of protection from fire
MPRegen  0.13/turn              B - +6 ring of intelligence

@: attractive
A: spit acid, unfitting armour, cold-blooded, acid resistance, AC +7
a: Breathe Acid, Animate Remains, Recall Undead Slaves, Injury Mirror, Renounce
Religion


You were on level 11 of the Dungeon.
You worshipped Yredelemnul.
Yredelemnul was pleased with you.
You visited 2 branches of the dungeon, and saw 12 of its levels.
You also visited: Sewer.

You collected 577 gold pieces.
You spent 45 gold pieces at shops.

Inventory:

Hand Weapons
 b - the +6 short sword of Dominance (weapon) {vorpal, rElec Int+8 Dex-3}
   (You found it on level 4 of the Dungeon)

   It inflicts extra damage upon your enemies.
   It affects your intelligence (+8).
   It affects your dexterity (-3).
   It insulates you from electricity.
 G - a cursed +4 vampiric long sword
Missiles
 c - 3 throwing nets (quivered)
Armour
 x - a +2 pair of gloves (worn)
 y - a +2 cloak (worn)
 E - a +1 pair of boots (worn)
Jewellery
 f - a ring of protection from fire (left hand)
 v - an amulet of guardian spirit (around neck)
 B - a +6 ring of intelligence (right hand)
Wands
 l - a wand of digging (1)
 r - a wand of acid (4)
Scrolls
 d - 5 scrolls of enchant armour
 g - a scroll of teleportation
 k - 2 scrolls of amnesia
 o - 2 scrolls of fear
 p - 2 scrolls of magic mapping
 w - a scroll of torment {unknown}
 C - 3 scrolls of remove curse
 D - a scroll of immolation
Potions
 a - a potion of ambrosia
 e - 6 potions of curing
 h - a potion of resistance
 i - 2 potions of haste
 j - a potion of brilliance
 m - 2 potions of flight
 n - a potion of lignification {unknown}
 q - a potion of magic
 t - 4 potions of might
 u - a potion of attraction
 z - 3 potions of cancellation
 F - 2 potions of mutation
Miscellaneous
 A - a phial of floods


   Skills:
 + Level 9.9 Fighting
 + Level 11.4 Long Blades
 - Level 2.0 Throwing
 + Level 8.6 Dodging
 + Level 2.0 Invocations
 - Level 5.1 Evocations


You had 10 spell levels left.
You didn't know any spells.
Your spell library contained the following spells:

 Spells                   Type           Power        Failure   Level
 Shock                    Conj/Air       #...         14%         1
 Swiftness                Air            #.......     21%         2
 Confusing Touch          Hex            #.......     38%         3
 Gell's Gravitas          Tloc           #.........   38%         3
 Static Discharge         Conj/Air       #.......     38%         3
 Airstrike                Air            #.........   80%         4
 Petrify                  Tmut/Erth      #.......     80%         4
 Lightning Bolt           Conj/Air       #.........   98%         5
 Metabolic Englaciation   Hex/Ice        #.........   98%         5
 Yara's Violent Unravell  Hex/Tmut       #.........   98%         5


Dungeon Overview and Level Annotations

Branches:
Dungeon (10/15)            Temple (1/1) D:5           Sewer (visited)
   Lair: D:8-11         Orc: D:9-12

Altars:
Ashenzari
Cheibriados
Dithmenos
Elyvilon
Fedhas
Gozag
Hepliaklqana
Kikubaaqudgha
Makhleb
Nemelex Xobeh
Okawaru
Qazlal
Ru
Sif Muna
Trog
Uskayaw
Vehumet
Wu Jian
Xom
Yredelemnul
Zin
The Shining One

Shops:
D:4 (   D:10 ?   D:11 }

Annotations:
D:4 4 runed translucent doors


Innate Abilities, Weirdness & Mutations

You can spit globs of acid.
Your golden yellow scales are hard. (AC +7)
You cannot fit into any form of body armour.
You are cold-blooded and may be slowed by cold attacks.
You are resistant to acid. (rCorr)


Message History

The eight-headed hydra bites you!
* * * LOW HITPOINT WARNING * * *
Unknown command.
Unknown command.
Blink to where?
Press: ? - help, Dir - move target
As you read the scroll of blinking, it crumbles to dust.
It was a potion of attraction.
You feel attractive to monsters.
The eight-headed hydra is pulled toward you!
The killer bee is pulled toward you!
Unknown command.
Okay, then.
The killer bee is pulled toward you! x2
The killer bee is pulled toward you! x2
The killer bee is pulled toward you!
The eight-headed hydra closely misses you. x2
The eight-headed hydra bites you!
You die...
Your body rises from the dead as a mindless zombie.

.### #.........h#
... ###
#y..C.....# ...
##..###........#
..
##....###.......#
.#
##......##.......#
.#
.........y.......#
.###
####.#y.##########
...#
#.#y############
...#
#...D@.........#
...#
#######........#
...# #.(......#
...#
########.####.#
...# #......#
...###### #.######
>..)....# #####.#
#######.#
####⌠.⌠#.# #.#
#.)..∩...#


You could see an eight-headed hydra and a killer bee (fleeing).

Vanquished Creatures
  4 two-headed ogres
  An unseen horror (D:10)
  A moth of wrath (D:4)
  3 gargoyles
  2 trolls
  Prince Ribbit (D:5)
  3 yaks (D:9)
  A steam dragon (D:10)
  Purgy (Sewer)
  2 orc warriors
  2 black bears
  3 phantoms
  A hornet zombie (D:9)
  2 ice beasts
  4 ogres
  A centaur (D:10)
  2 big kobolds
  4 bullfrogs
  A gnoll sergeant (D:10)
  3 scorpions
  7 killer bees
  6 wights
  5 hounds
  A quasit (D:10)
  3 bullfrog zombies
  A centaur zombie (D:8)
  5 orc priests
  5 iguanas
  An iron imp (D:5)
  4 bullfrog skeletons
  3 orc wizards
  13 worker ants
  A hound zombie (D:6)
  2 hound skeletons (D:7)
  5 gnolls (D:10)
  A river rat (D:3)
  A worker ant zombie (D:6)
  12 adders
  2 shadow imps
  3 white imps
  2 ufetubi
  2 adder zombies
  An ooze (D:2)
  6 worms
  3 dart slugs
  6 leopard geckos
  30 orcs
  10 bats
  A giant cockroach (D:1)
  5 goblins
  9 hobgoblins
  14 jackals
  8 kobolds
  2 quokkas (D:8)
  6 ball pythons
  7 frilled lizards
  2 goblin zombies (D:5)
  2 hobgoblin zombies (D:5)
  A leopard gecko skeleton (D:5)
  An orc zombie (D:5)
  11 rats
252 creatures vanquished.

Notes
Turn   | Place    | Note
-------+----------+-------------------------------------------
     0 | D:1      | KristoblXynda the Draconian Gladiator began the quest for
                  | the Orb.
     0 | D:1      | Reached XP level 1. HP: 17/17 MP: 1/1
   196 | D:1      | Reached XP level 2. HP: 13/25 MP: 2/2
   786 | D:2      | Reached XP level 3. HP: 30/30 MP: 3/3
  1572 | D:3      | Found a glowing drain.
  1586 | Sewer    | Entered a sewer
  1623 | Sewer    | Noticed Purgy
  1648 | Sewer    | Killed Purgy
  1649 | Sewer    | Reached skill level 4 in Long Blades
  1649 | Sewer    | Reached XP level 4. HP: 13/38 MP: 4/4
  1649 | Sewer    | Reached XP level 5. HP: 16/45 MP: 5/5
  2325 | D:3      | Reached skill level 5 in Long Blades
  2325 | D:3      | Reached XP level 6. HP: 13/52 MP: 6/6
  2937 | D:3      | Found an ancient bone altar of Kikubaaqudgha.
  3191 | D:4      | Found a large runed translucent door.
  3191 | D:4      | Found a large runed translucent door.
  3202 | D:4      | Found a large runed translucent door.
  3202 | D:4      | Found a large runed translucent door.
  3416 | D:4      | Found Suerphad's Antique Weapon Shoppe.
  3555 | D:4      | Reached skill level 6 in Long Blades
  3555 | D:4      | Your scales start taking on a golden yellow colour.
  3555 | D:4      | Reached XP level 7. HP: 55/60 MP: 7/7
  3555 | D:4      | Gained mutation: You are resistant to acid. (rCorr) [Yellow
                  | Draconian growth]
  3835 | D:4      | Noticed a moth of wrath
  3838 | D:4      | Found a bloodstained altar of Trog.
  4209 | D:4      | Found a hazy altar of Hepliaklqana.
  4210 | D:4      | Found a shimmering altar of Xom.
  4211 | D:4      | Noticed a wyvern
  4211 | D:4      | Noticed a spectral ugly thing
  4563 | D:4      | Got a slimy short sword
  4577 | D:4      | Identified the +6 short sword of Dominance {vorpal, rElec
                  | Int+8 Dex-3} (You found it on level 4 of the Dungeon)
  4591 | D:4      | Killed a moth of wrath
  4592 | D:4      | Reached skill level 5 in Fighting
  4592 | D:4      | Reached skill level 7 in Long Blades
  4592 | D:4      | Reached skill level 5 in Dodging
  4592 | D:4      | Reached XP level 8. HP: 65/69 MP: 4/8
  4761 | D:5      | Entered Level 5 of the Dungeon
  4938 | D:5      | Found a glowing golden altar of the Shining One.
  5127 | D:5      | Noticed Prince Ribbit
  5147 | D:5      | Killed Prince Ribbit
  5435 | D:5      | Reached skill level 8 in Long Blades
  5526 | D:5      | Found a staircase to the Ecumenical Temple.
  5536 | Temple   | Entered the Ecumenical Temple
  6137 | D:6      | Noticed a troll
  6151 | D:6      | Killed a troll
  6610 | D:6      | Found a white marble altar of Elyvilon.
  6628 | D:6      | Reached XP level 9. HP: 41/78 MP: 6/9
  6639 | D:6      | Reached skill level 9 in Long Blades
  7403 | D:7      | Found a radiant altar of Vehumet.
  7504 | Temple   | Became a worshipper of Yredelemnul the Dark
  8506 | D:8      | Found an opulent altar of Gozag.
  9100 | D:8      | Reached skill level 10 in Long Blades
  9214 | D:9      | Reached * piety under Yredelemnul
  9222 | D:9      | Reached skill level 1 in Evocations
  9431 | D:9      | Noticed a two-headed ogre
  9442 | D:9      | Killed a two-headed ogre
  9443 | D:9      | Reached XP level 10. HP: 59/88 MP: 6/10
  9792 | D:9      | Noticed a two-headed ogre
  9808 | D:9      | Killed a two-headed ogre
 10169 | D:9      | Found a blossoming altar of Fedhas.
 10171 | D:9      | Found a stormy altar of Qazlal.
 10171 | D:9      | Found a broken altar of Ashenzari.
 10332 | D:9      | Found a snail-covered altar of Cheibriados.
 10891 | D:9      | Reached ** piety under Yredelemnul
 10915 | D:9      | Found a hide-covered altar of Uskayaw.
 11008 | D:10     | Entered Level 10 of the Dungeon
 11008 | D:10     | Found Neyf's Magic Scroll Emporium.
 11066 | D:10     | Killed an unseen horror
 11128 | D:10     | Bought a scroll of immolation for 45 gold pieces
 11395 | D:10     | Reached skill level 11 in Long Blades
 11411 | D:10     | Noticed a gargoyle
 11425 | D:10     | Killed a gargoyle
 11718 | D:10     | Noticed a two-headed ogre
 11738 | D:10     | Killed a two-headed ogre
 11739 | D:10     | Reached skill level 5 in Evocations
 11739 | D:10     | Reached XP level 11. HP: 41/97 MP: 3/11
 12046 | D:10     | You fall into a shaft and drop 1 floor!
 12059 | D:11     | Noticed a two-headed ogre
 12072 | D:11     | Killed a two-headed ogre
 12073 | D:11     | Reached skill level 1 in Invocations
 12502 | D:11     | Found Ycawno's Gadget Shop.
 12549 | D:11     | Noticed an eight-headed hydra
 12561 | D:11     | HP: 2/99 [eight-headed hydra (9)]
 12567 | D:11     | Slain by an eight-headed hydra

Illustrated notes

Levels and vault maps discovered:
D:1:      onia_arrival_mini_spirals, layout_rooms, serial_bayou_pond_d
D:2:      layout_loops_ring, minmay_tiny_reverse_x
D:3:      layout_rooms, marbit_many_paths, cheibrodos_sewer_entry_sluice
D:4:      minmay_skewed_foursquare, layout_loops_ring,
          regret_index_temple_of_mockery, tgw_trog, serial_shops, shop_statue,
          minmay_hollow_rounded_squares
D:5:      layout_basic, nicolae_tso_besieged_by_evil, temple_hall,
          uniq_prince_ribbit1
D:6:      layout_rooms, lemuel_doored_altar
D:7:      layout_gridville, kennysheep_mini, nicolae_zen_rock_garden
D:8:      layout_basic, general_overflow_altar, minmay_puff
D:9:      minmay_clustersquares, layout_rooms, eat_drink_and_be_merry_uskayaw,
          kennysheep_little_box, grunt_temple_overflow_diamond,
          grunt_ministairs_13
D:10:     minmay_distorted_concentric_squares, layout_loops_ring,
          erik_lair_dragon, serial_shops, shop
D:11:     layout_basic, serial_shops, shop_fountains, minivault_19
Temple:   nicolae_temple_figure_zero

Skill      XL: |  1  2  3  4  5  6  7  8  9 10 11 |
---------------+----------------------------------+-----
Throwing       | 2 |  2.0
Dodging        | 3 4 5 6 7 8 |  8.6
Fighting       | 3 4 5 6 8 9 |  9.9
Long Blades    | 4 5 6 7 8 10 11 | 11.4
Evocations     | 2 5 |  5.1
Invocations    | 2 |  2.0

Action                   |  1- 3 |  4- 6 |  7- 9 | 10-12 || total
-------------------------+-------+-------+-------+-------++-------
Melee: Long sword        |   101 |   182 |    77 |       ||   360
       Tailslap          |    10 |    33 |    47 |    49 ||   139
       Short sword       |       |       |   401 |   336 ||   737
Throw: Throwing net      |     1 |       |       |       ||     1
 Abil: Breathe Acid      |       |       |     8 |     6 ||    14
Evoke: Wand              |       |       |     1 |     1 ||     2
  Use: Scroll            |     5 |       |    15 |     5 ||    25
       Potion            |     1 |     1 |     1 |     1 ||     4
 Stab: Sleeping          |     2 |     2 |     1 |       ||     5
Armor: Skin              |    51 |    70 |   127 |   102 ||   350
Dodge: Dodged            |   117 |   132 |   368 |   232 ||   849
       Rpst.: Long sword |    26 |    48 |    14 |       ||    88

Table legend: (Time is in decaauts)
 A = Elapsed time spent in this place.
 B = Non-inter-level travel time spent in this place.
 C = Inter-level travel time spent in this place.
 D = Time resting spent in this place.
 E = Time spent auto-exploring this place.
 F = Levels seen in this place.
 G = Mean time per level.
                   A        B        C        D        E       F      G
               +--------+--------+--------+--------+--------+-----+--------+
         Total |  12526 |  12091 |    435 |   3940 |   5440 |  13 |  963.5 |
       Dungeon |  11976 |  11543 |    433 |   3772 |   5310 |  11 | 1088.7 |
        Temple |    163 |    162 |      1 |      0 |    106 |   1 |  163.0 |
         Sewer |    386 |    386 |      0 |    168 |     24 |   1 |  386.0 |
               +--------+--------+--------+--------+--------+-----+--------+

Top non-repeatable levels by time:
     D:9: 1761 daAuts
     D:4: 1718 daAuts
     D:3: 1291 daAuts
     D:6: 1288 daAuts
     D:5: 1012 daAuts
    D:10: 1005 daAuts
     D:7: 973 daAuts
     D:8: 955 daAuts
     D:1: 784 daAuts
     D:2: 683 daAuts
    D:11: 502 daAuts
   Sewer: 386 daAuts
  Temple: 163 daAuts
